 Dungeon Crawl Stone Soup version 0.31-a0-848-gaac375c287 (webtiles) character file.

Game seed: 16181450190791776201

1615 senseless the Thaumaturge (level 8, -2/41 HPs)
             Began as a Deep Elf Conjurer on Oct 4, 2023.
             Was a Believer of Vehumet.
             Killed from afar by a steam dragon (15 damage)
             ... with a ball of steam
             ... on level 6 of the Dungeon.
             The game lasted 00:19:38 (4961 turns).

senseless the Thaumaturge (Deep Elf Conjurer)       Turns: 4961, Time: 00:19:38

Health: -2/41      AC:  4    Str:  7    XL:     8   Next: 64%
Magic:  18/22      EV: 15    Int: 26    God:    Vehumet [**....]
Gold:   331        SH:  0    Dex: 13    Spells: 13/23 levels left

rFire   . . .        b - +0 orcbow
rCold   + . .        (shield currently unavailable)
rNeg    + . .        q - +0 robe
rPois   +            f - +0 helmet
rElec   .            (no cloak)
rCorr   .            (no gloves)
SInv    .            u - +0 pair of boots
Will    .....        r - amulet "Nuklixt" {rPois rC+ rN+ Regen+ Str+3}
Stlth   ++           (no ring)
HPRegen 1.06/turn    (no ring)
MPRegen 0.18/turn

%: no passive effects
@: studying Shapeshifting
A: no striking features
a: Renounce Religion


You were on level 6 of the Dungeon.
You worshipped Vehumet.
Vehumet was pleased with you.
You visited 2 branches of the dungeon, and saw 7 of its levels.

You collected 474 gold pieces.
You spent 143 gold pieces at shops.

Inventory:

Hand Weapons
 a - a +4 dagger of pain
 b - a +0 orcbow (weapon)
 w - a +4 spear
Armour
 f - a +0 helmet (worn)
 q - a +0 robe (worn)
 u - a +0 pair of boots (worn)
Jewellery
 r - the amulet "Nuklixt" (around neck) {rPois rC+ rN+ Regen+ Str+3}
   (You found it on level 3 of the Dungeon)

   [amulet of regeneration]

   Str+3:     It affects your strength (+3).
   rC+:       It protects you from cold.
   rPois:     It protects you from poison rN+: It protects you from negative
   energy.
   Regen+:    It increases your rate of health regeneration.
 s - an amulet of guardian spirit
Scrolls
 c - 2 scrolls of enchant weapon {unknown}
 e - 3 scrolls of teleportation
 g - a scroll of fear {unknown}
 i - a scroll of torment {unknown}
 k - 2 scrolls of identify
 l - a scroll of fog
 o - a scroll of amnesia {unknown}
 t - a scroll of revelation {unknown}
 x - a scroll of vulnerability {unknown}
Potions
 d - 2 potions of might
 h - 2 potions of invisibility
 j - a potion of brilliance
 m - a potion of heal wounds {unknown}
 n - a potion of berserk rage {unknown}
 p - 2 potions of lignification {unknown}
 v - a potion of mutation {unknown}
 z - a potion of degeneration {unknown}
 A - a potion of curing {unknown}


   Skills:
 + Level 4.2 Ranged Weapons
 + Level 7.4 Dodging
 - Level 4.0 Stealth
 + Level 8.2 Spellcasting
 + Level 7.7 Conjurations


You had 13 spell levels left.
You knew the following spells:

 Your Spells              Type           Power      Damage    Failure   Level
a - Magic Dart            Conj           100%       1d8       1%          1
b - Searing Ray           Conj           100%       2d8       1%          2
c - Foxfire               Conj/Fire      100%       2x1d9     1%          1
d - Iskenderun's Mystic   Conj/Tloc      30%        2d8       11%         4
e - Static Discharge      Conj/Air       60%        2-5/arc   1%          2

Your spell library contained the following spells:

 Spells                   Type           Power      Damage    Failure   Level
 Dazzling Flash           Conj/Hex       60%        N/A       3%          3
 Summon Small Mammal      Summ           40%        N/A       5%          1
 Mephitic Cloud           Conj/Pois/Air  24%        N/A       6%          3
 Call Imp                 Summ           20%        N/A       9%          2
 Lesser Beckoning         Tloc           20%        N/A       9%          2
 Poisonous Vapours        Pois/Air       20%        N/A       9%          2
 Fulminant Prism          Conj/Hex       15%        3d10      11%         4
 Call Canine Familiar     Summ           10%        N/A       17%         3
 Gell's Gravitas          Tloc           10%        N/A       17%         3
 Ozocubu's Armour         Ice            10%        N/A       17%         3
 Summon Guardian Golem    Hex/Summ       10%        N/A       17%         3
 Teleport Other           Tloc           10%        N/A       17%         3
 Freezing Cloud           Conj/Ice/Air   12%        6-21      47%         5
 Metabolic Englaciation   Hex/Ice        5%         N/A       83%         5
 Simulacrum               Ice/Necr       5%         N/A       100%        6


Dungeon Overview and Level Annotations

Branches:
Dungeon (6/15)             Temple (1/1) D:4

Altars:
Ashenzari
Cheibriados
Kikubaaqudgha
Nemelex Xobeh
Okawaru
Qazlal
Sif Muna
Trog
Vehumet
Yredelemnul
Zin
The Shining One

Shops:
D:2 ?


Message History

Vehumet accepts your kill.
You feel your power returning.
The searing ray hits the gnoll!
You kill the gnoll!
Vehumet accepts your kill.
Items here: )) ††.
Things that are here:
a +0 flail; a gnoll corpse A gnoll comes into view.
It is wielding a +0 club.
The gnoll shouts!
The searing ray hits the gnoll!
You kill the gnoll!
Vehumet accepts your kill.
You feel your power returning. (Press . to maintain the ray.)
Things that are here:
a +0 club; a gnoll corpse You pick up a book of Minor Magic and begin reading...
You add the spell Call Imp to your library.
Okay, then.
A steam dragon comes into view.
The searing ray hits the steam dragon!
The steam dragon is moderately wounded.
The steam dragon hisses angrily. (Press . to maintain the ray.)
The steam dragon breathes steam at you. The ball of steam misses you.
You are engulfed in a cloud of scalding steam.
The searing ray hits the steam dragon!
The steam dragon is heavily wounded.
You are engulfed in a cloud of scalding steam.
The searing ray hits the steam dragon but does no damage.
The steam dragon is heavily wounded.
You finish channelling your searing ray.
You are engulfed in a cloud of scalding steam.
The steam dragon closely misses you. The steam dragon barely misses you.
You are engulfed in a cloud of scalding steam.
* * * LOW HITPOINT WARNING * * *
The steam dragon breathes steam at you. The ball of steam hits you!
You die...

######### #.......# #)#####.#
## #.#...#.# .# #...#.#.# .#
#######.#.#####D#
#.......#....@§§#
#.####################
#..##########...#....########
##............####..........##
#########)##.........#.#.....
#)#########....#..... #.#
######.......... #.#
#.......#.>....) #.#
#.......#..)...)


You could see a steam dragon (catching breath).

Vanquished Creatures
  Grinder (D:4)
  Eustachio (D:4)
  An orc warrior (D:4)
  An ice beast (D:6)
  An ogre (D:4)
  2 centaurs
  A kobold brigand (D:4)
  2 scorpions
  A hound (D:5)
  A jelly (D:5)
  4 orc priests
  2 iguanas
  3 sleepcaps
  3 orc wizards
  Robin (D:4)
  11 adders
  4 gnolls (D:6)
  4 white imps
  An ufetubus (D:6)
  2 dart slugs (D:2)
  13 orcs
  6 bats
  7 endoplasms
  3 giant cockroaches
  15 goblins
  16 hobgoblins
  3 quokkas
  8 ball pythons
  2 frilled lizards (D:2)
  12 kobolds
  6 rats
138 creatures vanquished.

Vanquished Creatures (others)
  9 foxfires (D:6)
9 creatures vanquished.

Grand Total: 147 creatures vanquished

Notes
Turn   | Place    | Note
-------+----------+-------------------------------------------
     0 | D:1      | senseless the Deep Elf Conjurer began the quest for the
                  | Orb.
     0 | D:1      | Reached XP level 1. HP: 10/10 MP: 6/6
   276 | D:1      | Found a faded altar of an unknown god.
   343 | D:1      | Reached XP level 2. HP: 15/15 MP: 6/8
   870 | D:2      | Reached XP level 3. HP: 19/19 MP: 3/10
  1059 | D:2      | Found Onleh's Magic Scroll Boutique.
  1135 | D:2      | Bought a scroll of identify for 26 gold pieces
  1138 | D:2      | Bought a scroll of teleportation for 39 gold pieces
  1138 | D:2      | Bought a scroll of identify for 26 gold pieces
  1138 | D:2      | Bought a scroll of fog for 52 gold pieces
  1395 | D:2      | Learned a level 2 spell: Searing Ray
  1482 | D:3      | Reached XP level 4. HP: 24/24 MP: 7/11
  1635 | D:3      | Reached skill level 4 in Spellcasting
  1681 | D:3      | Reached skill level 5 in Conjurations
  1848 | D:3      | Reached XP level 5. HP: 6/28 MP: 0/13
  1997 | D:3      | Identified the amulet "Nuklixt" {rPois rC+ rN+ Regen+
                  | Str+3}
  2696 | D:4      | Found a radiant altar of Vehumet.
  2713 | D:4      | Found a staircase to the Ecumenical Temple.
  2728 | Temple   | Entered the Ecumenical Temple
  2752 | D:4      | Became a worshipper of Vehumet
  2780 | D:4      | Noticed a centaur
  2846 | D:4      | Killed a centaur
  2847 | D:4      | Reached skill level 5 in Spellcasting
  2847 | D:4      | Reached XP level 6. HP: 7/32 MP: 10/15
  2905 | D:4      | Found a shimmering blue altar of Sif Muna.
  2908 | D:4      | Found a snail-covered altar of Cheibriados.
  2933 | D:4      | Noticed Robin
  2946 | D:4      | Killed Robin
  2954 | D:4      | Noticed Eustachio
  2994 | D:4      | Killed Eustachio
  2995 | D:4      | Reached skill level 5 in Dodging
  3167 | D:4      | Found a bloodstained altar of Trog.
  3260 | D:4      | Reached skill level 6 in Spellcasting
  3260 | D:4      | Reached XP level 7. HP: 27/36 MP: 9/18
  3436 | D:4      | Reached * piety under Vehumet
  3436 | D:4      | Offered knowledge of Foxfire by Vehumet.
  3441 | D:4      | Learned a level 1 spell: Foxfire
  3446 | D:4      | Learned a level 4 spell: Iskenderun's Mystic Blast
  3507 | D:4      | Noticed Grinder
  3512 | D:4      | Killed Grinder
  3513 | D:4      | Reached skill level 1 in Ranged Weapons
  3513 | D:4      | Reached skill level 7 in Spellcasting
  3785 | D:5      | Entered Level 5 of the Dungeon
  3816 | D:5      | Reached XP level 8. HP: 23/41 MP: 15/20
  3935 | D:5      | Found a sparkling altar of Nemelex Xobeh.
  4578 | D:6      | Offered knowledge of Static Discharge by Vehumet.
  4582 | D:6      | Learned a level 2 spell: Static Discharge
  4682 | D:6      | Reached ** piety under Vehumet
  4714 | D:6      | Reached skill level 8 in Spellcasting
  4961 | D:6      | Killed from afar by a steam dragon

Illustrated notes

Levels and vault maps discovered:
D:1:      saegor_arrival_under_anarchy, layout_basic,
          ebering_ecumenical_altar_abandoned
D:2:      layout_rooms, serial_shops, shop_coins, st_stairs_12
D:3:      layout_loops_ring, minmay_misc_feat_rows
D:4:      layout_rooms, nicolae_overflow_squiral,
          mainiacjoe_overflow_tiny_flanked, trog_hazing_becter,
          minmay_temple_entry_arrows, minmay_manual_mullet, uniq_robin,
          uniq_eustachio, uniq_grinder
D:5:      layout_basic, mainiacjoe_overflow_brackets
D:6:      layout_rooms, nzn_hepliaklqana_mist_gate, serial_shops, shop,
          mrwooster_statue_mirror, patterned_corridor
Temple:   hellmonk_temple_beads

Skill      XL: |  1  2  3  4  5  6  7  8 |
---------------+-------------------------+-----
Dodging        | 3 4 5 6 7 |  7.4
Stealth        | 3 4 |  4.0
Spellcasting   | 4 5 6 7 8 |  8.2
Conjurations   | 5 6 7 |  7.7
Ranged Weapons | 2 4 |  4.2

Action                     |  1- 3 |  4- 6 |  7- 9 || total
---------------------------+-------+-------+-------++-------
  Melee: Short sword       |     4 |       |       ||     4
         Dagger            |       |     6 |       ||     6
   Fire: Shortbow          |       |    64 |    78 ||   142
         Orcbow            |       |       |    10 ||    10
   Cast: Magic Dart        |    64 |    71 |     2 ||   137
         Searing Ray       |       |    11 |    30 ||    41
         Foxfire           |       |       |     5 ||     5
    Use: Scroll            |     3 |       |       ||     3
         Potion            |       |     1 |       ||     1
 Armour: Robe              |     2 |    51 |    26 ||    79
  Dodge: Dodged            |     4 |    44 |    27 ||    75

Table legend: (Time is in decaauts)
 A = Elapsed time spent in this place.
 B = Non-inter-level travel time spent in this place.
 C = Inter-level travel time spent in this place.
 D = Time resting spent in this place.
 E = Time spent auto-exploring this place.
 F = Levels seen in this place.
 G = Mean time per level.
                   A        B        C        D        E       F      G
               +--------+--------+--------+--------+--------+-----+--------+
         Total |   5039 |   4784 |    255 |    194 |   3770 |   7 |  719.9 |
       Dungeon |   5037 |   4782 |    255 |    194 |   3770 |   6 |  839.5 |
        Temple |      1 |      1 |      0 |      0 |      0 |   1 |    1.0 |
               +--------+--------+--------+--------+--------+-----+--------+

Top non-repeatable levels by time:
     D:3: 1125 daAuts
     D:4: 1115 daAuts
     D:1: 866 daAuts
     D:5: 786 daAuts
     D:2: 736 daAuts
     D:6: 407 daAuts
  Temple: 1 daAuts
